 Dungeon Sprint DCSS version 0.19.1-1-g22dce08 (webtiles) character file.

13393 dvd the Brawler (level 11, 0/119 (120) HPs)
             Began as a Troll Berserker on Jan 4, 2017.
             Was a High Priest of Trog.
             Succumbed to a death drake's dark miasma
             ... in the Dungeon (Sprint III: "The Ten Rune Challenge") on Jan 5, 2017.
             The game lasted 00:13:12 (1906 turns).

dvd the Brawler (Troll Berserker)                   Turns: 1906, Time: 00:13:14

HP:   0/119 (120)   AC:  7    Str: 27    XL:     11   Next: 75%
MP:   10/10         EV: 16    Int:  3    God:    Trog [*****.]
Gold: 4271          SH:  0    Dex: 12    Spells: 0 memorised, 10 levels left

rFire  . . .     SeeInvis .       - Unarmed
rCold  . . .     Gourm    +     v - +2 robe {Archmagi}
rNeg   . . .     Faith    .     (no shield)
rPois  .         Spirit   .     C - +1 hat
rElec  .         Reflect  .     (no cloak)
rCorr  .         Harm     .     (gloves unavailable)
MR     +++..     NoTele   +     (boots unavailable)
Stlth  +.........               (no amulet)
                                (no ring)
                                (no ring)

@: lethally poisoned (0 -> -15), recuperating, diseased, slowed, very slow
A: unfitting armour, claws 3, deformed body, fast metabolism 3, gourmand, magic
resistance 1, mutation resistance 1, regeneration 1, shaggy fur 1, tough skin 2,
MP-powered wands
a: Berserk, Trog's Hand, Brothers in Arms, Burn Spellbooks, Renounce Religion


You were in the Dungeon.
You worshipped Trog.
Trog was extremely pleased with you.
You were full.

You visited 1 branch You collected 4271 gold pieces.

Inventory:

Hand Weapons
 a - a +1 triple sword of slicing
 k - a +6 triple crossbow of freezing
 l - a +5 antimagic great mace
 m - a +5 demon trident of electrocution
 r - a +2 long sword of holy wrath
 s - a +1 bardiche of venom
 t - a +3 short sword of protection
 u - a +2 antimagic quarterstaff
 w - a +3 lajatang of speed
 y - a +0 triple sword of holy wrath
 z - a +2 battleaxe of freezing
Missiles
 p - 4 javelins (quivered)
Armour
 v - a +2 robe of the Archmagi (worn)
 C - a +1 hat (worn)
Scrolls
 h - a scroll of blinking
 i - 2 scrolls of identify
Potions
 e - a potion of haste
 f - 2 potions of magic
 g - 2 potions of berserk rage
 j - a potion of cure mutation
 o - 3 potions of flight
 A - a potion of lignification
Comestibles
 b - 3 bread rations
 n - a meat ration


   Skills:
 + Level 11.2 Fighting
 + Level 12.5 Dodging
 - Level 0.6 Stealth
 + Level 20.9 Unarmed Combat


You had 10 spell levels left.
You didn't know any spells.

Dungeon Overview and Level Annotations

Branches:
Dungeon (1/1)

Altars:
Cheibriados
Dithmenos
Elyvilon
Fedhas
Gozag
Hepliaklqana
Kikubaaqudgha
Makhleb
Nemelex Xobeh
Okawaru
Qazlal
Ru
Sif Muna
Trog
Uskayaw
Vehumet
Xom
Yredelemnul
Zin
The Shining One
Beogh
Jiyva
Lugonu

Shops:
D [


Innate Abilities, Weirdness & Mutations

You are too large for most types of armour.
You have claws for hands.
Your metabolism is lightning-fast.
You like to eat raw meat.
Your natural rate of healing is unusually fast.
You are covered in fur. (AC +1)
You have very tough skin. (AC +2)
Armour fits poorly on your strangely shaped body.
You are resistant to hostile enchantments. (MR+)
You are somewhat resistant to further mutation.
You expend magic power (3 MP) to strengthen your wands.


Message History

* * * LOW HITPOINT WARNING * * *
The death drake bites you!
* * * LOW HITPOINT WARNING * * *
You feel much better.
You feel sick. The death drake breathes miasma at you.
The foul vapour engulfs you!
You are more poisoned.
You feel as though you will be slow longer.
* * * LOW HITPOINT WARNING * * *
The death drake bites you but does no damage.
Okay, then.
Unknown command.
Unknown command.
Your skin crawls.
You feel resistant to hostile enchantments.
You are engulfed in dark miasma.
You are lethally poisoned!
You feel your flesh rotting away!
You feel ill.
You die...

♣♣♣♣♣♣#..♣♣ ♣♣♣##+###
###'♣♣♣♣♣♣♣♣♣♣♣♣♣♣♣
#♣
♣♣♣♣.##..##≈≈≈≈≈≈..#
.♣♣
♣...##.##.#≈≈≈≈≈...#
#'♣
♣♣.##.##.##'≈≈≈≈≈####
..♣
♣..#†##...#≈≈§.....(
###♣♣
♣♣.##.##[.#§§.+####
..PP♣ ♣♣.##.#####§§.#
...P♣ ♣.....##§k@§§.#
+#### ########+######
≈♣ ♣. . ♣h ♣


You could see a death drake.

Vanquished Creatures
  Erolcha (D)
  Urug (D)
  A lindwurm (D)
  A deep elf mage (D)
  A rime drake (D)
  6 blink frogs (D)
  2 tyrant leeches (D)
  3 wandering mushrooms (D)
  5 redbacks (D)
  A shadow (D)
  A spatial vortex (D)
  2 hill giants (D)
  A swamp drake (D)
  A necrophage (D)
  3 two-headed ogres (D)
  A water elemental (D)
  An electric eel (D)
  A jelly (D)
  A wizard (D)
  A necromancer (D)
  3 humans (D)
  A kobold demonologist (D)
  2 oozes (D)
  A phantom (D)
  2 rats (D)
44 creatures vanquished.

Vanquished Creatures (collateral kills)
  Rupert (D)
  Gastronok (D)
  2 dire elephants (D)
  2 hydras (D)
  4 death yaks (D)
  An orc sorcerer (D)
  2 black mambas (D)
  2 elephants (D)
  2 spiny frogs (D)
  A komodo dragon (D)
  2 blink frogs (D)
  3 orc warriors (D)
  3 orc priests (D)
  An orc wizard (D)
  10 orcs (D)
37 creatures vanquished.

Vanquished Creatures (others)
  2 draconian scorchers (D)
  6 hellions (D)
  3 yaktaurs (D)
  4 plants (D)
15 creatures vanquished.

Grand Total: 96 creatures vanquished

Notes
Turn   | Place    | Note
-------+----------+-------------------------------------------
     0 | D        | dvd the Troll Berserker began the quest for the Orb.
     0 | D        | Reached XP level 1. HP: 22/22 MP: 0/0
    16 | D        | Reached XP level 2. HP: 24/31 MP: 1/1
    42 | D        | Reached ** piety under Trog
    64 | D        | Killed a hellion
   104 | D        | Reached skill level 4 in Unarmed Combat
   104 | D        | Reached XP level 3. HP: 39/39 MP: 2/2
   109 | D        | Killed a yaktaur
   130 | D        | Killed a hellion
   164 | D        | Gained mutation: You are weak. (Str -2) [potion of mutation]
   164 | D        | Gained mutation: You are resistant to hostile enchantments. (MR+) [potion of mutation]
   164 | D        | Gained mutation: You expend magic power (3 MP) to strengthen your wands. [potion of mutation]
   165 | D        | Gained mutation: Your spells are a little easier to cast, but a little less powerful. [potion of mutation]
   165 | D        | Gained mutation: You are somewhat resistant to further mutation. [potion of mutation]
   166 | D        | Gained mutation: Armour fits poorly on your strangely shaped body. [potion of mutation]
   167 | D        | Lost mutation: Your spells are a little easier to cast, but a little less powerful. [potion of cure mutation]
   167 | D        | Lost mutation: You are weak. (Str -2) [potion of cure mutation]
   173 | D        | Killed a white draconian scorcher
   174 | D        | Noticed a water elemental
   179 | D        | Killed a water elemental
   179 | D        | Reached *** piety under Trog
   179 | D        | Reached skill level 6 in Unarmed Combat
   179 | D        | Reached XP level 4. HP: 49/49 MP: 3/3
   194 | D        | Killed a white draconian scorcher
   199 | D        | Killed a hellion
   201 | D        | Killed a hellion
   201 | D        | Killed a hellion
   219 | D        | Found a radiant altar of Vehumet.
   219 | D        | Found a deep blue altar of Sif Muna.
   219 | D        | Found an ancient bone altar of Kikubaaqudgha.
   219 | D        | Noticed a wizard
   221 | D        | Killed a wizard
   221 | D        | Reached skill level 5 in Fighting
   223 | D        | Noticed a chaos spawn
   224 | D        | Reached **** piety under Trog
   224 | D        | Reached skill level 5 in Dodging
   224 | D        | Reached XP level 5. HP: 52/57 MP: 4/4
   259 | D        | Found a glowing silver altar of Zin.
   259 | D        | Found a glowing golden altar of the Shining One.
   259 | D        | Found a white marble altar of Elyvilon.
   260 | D        | Noticed a deep elf mage
   267 | D        | Killed a deep elf mage
   267 | D        | Reached skill level 9 in Unarmed Combat
   267 | D        | Reached XP level 6. HP: 13/71 MP: 5/5
   293 | D        | Killed a hellion
   368 | D        | Found a hide-covered altar of Uskayaw.
   368 | D        | Found a roughly hewn altar of Beogh.
   368 | D        | Found an iron altar of Okawaru.
   368 | D        | Found a bloodstained altar of Trog.
   368 | D        | Noticed a human
   372 | D        | Killed a human
   372 | D        | Reached skill level 10 in Unarmed Combat
   372 | D        | Reached XP level 7. HP: 78/78 MP: 6/6
   373 | D        | Noticed a human
   380 | D        | Killed a human
   380 | D        | Reached skill level 11 in Unarmed Combat
   419 | D        | Found a basalt altar of Yredelemnul.
   419 | D        | Found a shadowy altar of Dithmenos.
   419 | D        | Found a sacrificial altar of Ru.
   421 | D        | Reached ***** piety under Trog
   431 | D        | Noticed a shadow
   437 | D        | Killed a shadow
   437 | D        | Received a gift from Trog
   437 | D        | Reached XP level 8. HP: 88/88 MP: 7/7
   473 | D        | Found a blossoming altar of Fedhas.
   473 | D        | Found a stormy altar of Qazlal.
   473 | D        | Found a snail-covered altar of Cheibriados.
   473 | D        | Found a burning altar of Makhleb.
   473 | D        | Found a shimmering altar of Xom.
   474 | D        | Found a hazy altar of Hepliaklqana.
   474 | D        | Found an opulent altar of Gozag.
   474 | D        | Found a sparkling altar of Nemelex Xobeh.
   474 | D        | Found a corrupted altar of Lugonu.
   474 | D        | Found a viscous altar of Jiyva.
   486 | D        | Reached skill level 12 in Unarmed Combat
   596 | D        | Noticed an orc sorcerer
   604 | D        | Killed an orc sorcerer
   606 | D        | Reached skill level 13 in Unarmed Combat
   607 | D        | Received a gift from Trog
   612 | D        | Reached ****** piety under Trog
   612 | D        | Received a gift from Trog
   623 | D        | Found Juehipse's Antique Armour Emporium.
   735 | D        | Noticed Erolcha
   740 | D        | Received a gift from Trog
   740 | D        | Reached XP level 9. HP: 98/98 MP: 8/8
   742 | D        | Killed Erolcha
   742 | D        | Reached skill level 10 in Dodging
   742 | D        | Reached skill level 14 in Unarmed Combat
   747 | D        | Reached skill level 15 in Unarmed Combat
   782 | D        | Noticed a wandering mushroom
   786 | D        | Noticed a wandering mushroom
   793 | D        | Noticed a wandering mushroom
   877 | D        | Noticed a spiny frog
   877 | D        | Noticed a komodo dragon
   877 | D        | Noticed a spiny frog
   880 | D        | Killed a spiny frog
   881 | D        | Killed a spiny frog
   882 | D        | Killed a komodo dragon
   890 | D        | Noticed a rime drake
   895 | D        | Received a gift from Trog
   895 | D        | Reached skill level 10 in Fighting
   895 | D        | Reached XP level 10. HP: 54/110 MP: 9/9
   899 | D        | Reached skill level 16 in Unarmed Combat
  1031 | D        | Reached skill level 17 in Unarmed Combat
  1126 | D        | Noticed Rupert
  1132 | D        | Killed Rupert
  1132 | D        | Reached skill level 18 in Unarmed Combat
  1144 | D        | Noticed an azure jelly
  1144 | D        | Noticed an azure jelly
  1144 | D        | Noticed an azure jelly
  1144 | D        | Noticed an azure jelly
  1146 | D        | Noticed an elephant
  1146 | D        | Noticed an elephant
  1146 | D        | Noticed a dire elephant
  1146 | D        | Noticed a dire elephant
  1146 | D        | Noticed Gastronok
  1148 | D        | Killed a dire elephant
  1149 | D        | Killed Gastronok
  1149 | D        | Received a gift from Trog
  1149 | D        | Reached XP level 11. HP: 119/119 MP: 10/10
  1155 | D        | Killed a dire elephant
  1155 | D        | Reached skill level 19 in Unarmed Combat
  1266 | D        | Noticed a death yak
  1267 | D        | Noticed a death yak
  1269 | D        | Noticed a death yak
  1270 | D        | Noticed a death yak
  1271 | D        | Killed a death yak
  1274 | D        | Killed a death yak
  1274 | D        | Received a gift from Trog
  1277 | D        | Killed a death yak
  1280 | D        | Killed a death yak
  1394 | D        | Reached skill level 20 in Unarmed Combat
  1400 | D        | Received a gift from Trog
  1513 | D        | Noticed a lindwurm
  1517 | D        | Killed a lindwurm
  1577 | D        | Noticed Urug
  1582 | D        | Killed Urug
  1704 | D        | Noticed an eight-headed hydra
  1704 | D        | Noticed a seven-headed hydra
  1743 | D        | Killed a nine-headed hydra
  1752 | D        | Killed an eight-headed hydra
  1897 | D        | Received a gift from Trog
  1898 | D        | Noticed a death drake
  1904 | D        | HP: 1/119 [death drake (10)]
  1906 | D        | Succumbed to a death drake's dark miasma

Skill      XL: |  1  2  3  4  5  6  7  8  9 10 11 |
---------------+----------------------------------+-----
Fighting       | 3 4 5 7 8 9 10 11 | 11.2
Dodging        | 3 4 5 6 7 8 9 10 11 12 | 12.5
Unarmed Combat | 4 6 9 10 11 13 15 18 20 | 20.9
Stealth        | |  0.6

Action                   |  1- 3 |  4- 6 |  7- 9 | 10-12 || total
-------------------------+-------+-------+-------+-------++-------
Melee: Unarmed           |    27 |    12 |    57 |    69 ||   165
       Punch             |       |       |     4 |     6 ||    10
Invok: Berserk           |     1 |     2 |     4 |     4 ||    11
       Brothers in Arms  |       |     1 |     2 |     6 ||     9
       Burn Spellbooks   |       |     1 |       |       ||     1
       Trog's Hand       |       |       |       |     1 ||     1
  Use: Potion            |     4 |       |       |     3 ||     7
       Scroll            |       |       |       |     6 ||     6
  Eat: Chunk             |     2 |     2 |    13 |    15 ||    32
       Royal jelly       |       |       |     1 |       ||     1
Armor: Animal skin       |     3 |       |     3 |       ||     6
       Robe              |       |       |     1 |    10 ||    11
Dodge: Dodged            |    14 |     1 |    28 |    42 ||    85
